 Dungeon Crawl Stone Soup version 0.31-a0-986-g5e6e4ef867 (webtiles) character file.

Game seed: 6155293637742759792

2655 serber55 the Geomancer (level 9, -6/61 HPs)
             Began as an Octopode Earth Elementalist on Nov 15, 2023.
             Mangled by a boulder beetle (21 damage)
             ... on level 6 of the Dungeon.
             The game lasted 00:25:00 (7747 turns).

serber55 the Geomancer (OpEE)                       Turns: 7747, Time: 00:25:01

Health: -6/61      AC:  1    Str:  7    XL:     9   Next: 62%
Magic:  0/16       EV: 15    Int: 22    God:
Gold:   347        SH:  0    Dex: 12    Spells: 8/18 levels left

rFire   . . .        v - +9 battleaxe of Wyrd {spect, Will+}
rCold   . . .        (shield currently unavailable)
rNeg    + . .        (helmet restricted)
rPois   +            h - amulet of the acrobat
rElec   .            g - ring of positive energy
rCorr   .            d - ring of poison resistance
SInv    .            (no ring)
Will    +....        (no ring)
Stlth   +++          (no ring)
HPRegen 0.30/turn    (no ring)
MPRegen 0.15/turn    (no ring)
                     (no ring)

%: acrobat
@: no status effects
A: almost no armour, amphibious, 8 rings, camouflage 1, gelatinous body 1,
(nimble swimmer 1), tentacles
a: no special abilities


You were on level 6 of the Dungeon.
You visited 2 branches of the dungeon, and saw 7 of its levels.
You also visited: Ossuary.

You collected 347 gold pieces.

Inventory:

Hand Weapons
 n - a +2 short sword of venom
 v - the +9 battleaxe of Wyrd (weapon) {spect, Will+}
   (You found it on level 6 of the Dungeon)

   Will+:     It increases your willpower.
Missiles
 s - a throwing net
 x - 2 darts of dispersal (quivered)
Jewellery
 d - a ring of poison resistance (right tentacle)
 g - a ring of positive energy (left tentacle)
 h - an amulet of the acrobat (around mantle)
 i - an amulet of faith
 y - a ring of fire
Wands
 c - a wand of mindburst (6)
 u - a wand of paralysis (1)
 A - a wand of roots (4)
Scrolls
 f - a scroll of blinking
 j - a scroll of fog
 p - 4 scrolls of teleportation
 z - a scroll of poison
Potions
 a - 2 potions of magic
 b - 3 potions of might
 e - 3 potions of curing
 k - 2 potions of heal wounds
 l - 3 potions of lignification
 m - 3 potions of haste
 o - a potion of enlightenment
 q - 2 potions of invisibility {unknown}
 r - 2 potions of attraction {unknown}
 t - a potion of berserk rage {unknown}
 w - a potion of resistance {unknown}


   Skills:
 + Level 5.1 Fighting
 + Level 5.5 Dodging
 - Level 2.6 Stealth
 + Level 5.1 Spellcasting
 + Level 4.7 Conjurations
 - Level 1.0 Transmutations
 * Level 8.2 Earth Magic


You had 8 spell levels left.
You knew the following spells:

 Your Spells              Type           Power      Damage    Failure   Level
a - Sandblast             Erth           82%        2d17      1%          1
b - Stone Arrow           Conj/Erth      68%        3d11      2%          3
c - Brom's Barrelling Bo  Conj/Erth      34%        2d5       7%          4
d - Passwall              Tmut/Erth      20%        N/A       2%          2

Your spell library contained the following spells:

 Spells                   Type           Power      Damage    Failure   Level
 Magic Dart               Conj           100%       1d8       1%          1
 Momentum Strike          Conj/Tloc      32%        3d8       6%          2
 Freeze                   Ice            20%        1d4       10%         1
 Hailstorm                Conj/Ice       16%        3d6       12%         3
 Blink                    Tloc           10%        N/A       16%         2
 Call Imp                 Summ           10%        N/A       16%         2
 Cigotuvi's Dreadful Rot  Necr/Pois/Air  10%        N/A       16%         2
 Lesser Beckoning         Tloc           10%        N/A       16%         2
 Mephitic Cloud           Conj/Pois/Air  12%        N/A       16%         3
 Petrify                  Tmut/Erth      25%        N/A       16%         4
 Ignite Poison            Fire/Tmut/Pois 7%         N/A       26%         3
 Frozen Ramparts          Ice            10%        1d2       30%         3
 Freezing Cloud           Conj/Ice/Air   6%         6-21      82%         5


Dungeon Overview and Level Annotations

Branches:
Dungeon (6/15)             Temple (1/1) D:4         Ossuary (visited)

Altars:
Ashenzari
Cheibriados
Dithmenos
Fedhas
Gozag
Hepliaklqana
Kikubaaqudgha
Makhleb
Nemelex Xobeh
Okawaru
Qazlal
Ru
Sif Muna
Trog
Uskayaw
Vehumet
Wu Jian
Xom
Yredelemnul
Zin


Innate Abilities, Weirdness & Mutations

You cannot wear most types of armour.
You are amphibious.
You can wear up to eight rings at the same time.
Your skin changes colour to match your surroundings (Stealth+).
Your rubbery body absorbs attacks. (AC +1, EV +1)
((You are camouflaged when in or above water. (Stealth+)))
You have tentacles for arms and can constrict up to eight enemies at once.


Message History

Your boulder crumbles as it rolls away.
Casting: Brom's Barrelling Boulder (dangerous; 7% risk of failure)
Confirm with . or Enter, or press ? or * to list all spells.
Aiming: Brom's Barrelling Boulder (dangerous; 7% risk of failure)
Press: ? - help, Dir - move target, f/p - boulder beetle
Aim: a boulder beetle (sparse dust, lightly wounded, rolling, 100% to hit)
You send a boulder barrelling forward!
The boulder barrels into the boulder beetle!
The boulder beetle is knocked back.
The boulder barrels into the boulder beetle!
The boulder beetle is knocked back.
Casting: Brom's Barrelling Boulder (dangerous; 7% risk of failure)
Confirm with . or Enter, or press ? or * to list all spells.
Aiming: Stone Arrow (dangerous; 2% risk of failure)
Press: ? - help, Shift-Dir - straight line, f/p - boulder beetle
Aim: a boulder beetle (sparse dust, rolling, ally target, 100% to hit)
The stone arrow hits the boulder beetle.
The boulder beetle is lightly wounded.
Your boulder crumbles as it rolls away.
Casting: Stone Arrow (dangerous; 2% risk of failure)
Confirm with . or Enter, or press ? or * to list all spells.
Aiming: Stone Arrow (dangerous; 2% risk of failure)
Press: ? - help, Shift-Dir - straight line, f/p - boulder beetle
Aim: a boulder beetle (lightly wounded, rolling, 100% to hit)
The stone arrow hits the boulder beetle!
The boulder beetle is lightly wounded.
The boulder beetle hits you!!!
Ouch! That really hurt!
* * * LOW HITPOINT WARNING * * *
The boulder beetle stops rolling and uncurls.
The boulder beetle curls into a ball and begins rolling!
Throw: 3 darts (disperse)
Press: ? - help, Q - select action, (/) - cycle Shift-Dir - straight line, f/p - boulder beetle
Aim: a boulder beetle (lightly wounded, rolling, 89% to hit)
You throw a dart of dispersal.
The dart of dispersal hits the boulder beetle.
The boulder beetle blinks!
The boulder beetle is lightly wounded.
The boulder beetle hits you!!
You die...

###...........#######...
#...........#...##....
#.........###...######
###.........#.....#.....
............#.....#.....
.....................)..
.......○'########'......
.......B#........#......
..[####@#.'####'.#......
####....#.#....#.#......
.......§#.#.##.#.#.##'##
........#.#.##.#.#.#....
..#####?#.#....#.#.#....
. ..#.+####'.#.#....
..#........#.#....
..W+########'...... ..○.
...........###


You could see a boulder beetle (rolling) and a phantom.

Vanquished Creatures
  A gargoyle (D:6)
  A kobold demonologist (D:6)
  The ghost of Hubris850 the Magician, an amateur DjIE of Ru (D:4)
  A yak (D:4)
  2 black bears (D:4)
  An ice beast (D:4)
  A sky beast (D:6)
  A necrophage (D:6)
  A bullfrog (D:6)
  A scorpion (D:5)
  A wyvern zombie (D:6)
  2 wights (D:6)
  3 water moccasin zombies (D:6)
  2 bullfrog zombies (D:6)
  A centaur zombie (D:6)
  4 human zombies
  4 hounds
  3 jellies
  An orc priest (D:5)
  A sleepcap (D:6)
  2 iguanas (D:6)
  A scorpion zombie (D:6)
  2 orc wizards
  A hound zombie (Ossuary)
  4 mummies
  7 adders
  3 howler monkey skeletons (D:6)
  A shadow imp (D:5)
  A white imp (D:5)
  4 adder zombies (Ossuary)
  3 dart slugs
  15 orcs
  4 ball pythons
  4 bats
  8 endoplasms
  2 giant cockroaches (D:1)
  2 gnoll zombies (Ossuary)
  9 goblins
  12 hobgoblins
  5 jackals (D:2)
  10 kobolds
  2 quokkas
  4 frilled lizards
  7 goblin zombies (Ossuary)
  5 hobgoblin zombies (Ossuary)
  2 jackal zombies (Ossuary)
  4 kobold zombies (Ossuary)
  2 orc zombies (Ossuary)
  2 quokka zombies (Ossuary)
  6 rats
  3 rat zombies (Ossuary)
170 creatures vanquished.

Vanquished Creatures (others)
  A boulder (D:6)
1 creature vanquished.

Grand Total: 171 creatures vanquished

Notes
Turn   | Place    | Note
-------+----------+-------------------------------------------
     0 | D:1      | serber55 the Octopode Earth Elementalist began the quest
                  | for the Orb.
     0 | D:1      | Reached XP level 1. HP: 11/11 MP: 3/3
   206 | D:1      | Reached XP level 2. HP: 18/18 MP: 3/5
   791 | D:1      | Reached XP level 3. HP: 22/22 MP: 4/6
   909 | D:1      | Learned a level 3 spell: Stone Arrow
   914 | D:1      | Reached skill level 1 in Fighting
  2235 | D:3      | Reached XP level 4. HP: 28/28 MP: 4/7
  3321 | D:4      | Reached skill level 4 in Earth Magic
  3444 | D:4      | Noticed an ice beast
  3447 | D:4      | Killed an ice beast
  3448 | D:4      | Reached skill level 1 in Conjurations
  3448 | D:4      | Reached XP level 5. HP: 34/34 MP: 0/9
  3471 | D:4      | Noticed a black bear
  3473 | D:4      | Noticed a black bear
  3555 | D:4      | Killed a black bear
  3556 | D:4      | Reached XP level 6. HP: 26/39 MP: 1/10
  3626 | D:4      | Noticed a yak
  3724 | D:4      | Learned a level 4 spell: Brom's Barrelling Boulder
  3800 | D:4      | Found a staircase to the Ecumenical Temple.
  3809 | Temple   | Entered the Ecumenical Temple
  3910 | D:4      | Found a runed translucent door.
  3913 | D:4      | Noticed Hubris850's ghost (amateur DjIE)
  4045 | D:4      | Killed a black bear
  4046 | D:4      | Reached skill level 5 in Earth Magic
  4046 | D:4      | Reached XP level 7. HP: 45/45 MP: 8/11
  4049 | D:4      | Learned a level 2 spell: Passwall
  4169 | D:4      | Found a burning altar of Makhleb.
  4424 | D:4      | Found a sparkling altar of Nemelex Xobeh.
  4427 | D:4      | Found a stormy altar of Qazlal.
  4427 | D:4      | Found a shadowy altar of Dithmenos.
  4440 | D:4      | Found an opulent altar of Gozag.
  4452 | D:4      | Found a shimmering altar of Xom.
  4535 | D:4      | Killed a yak
  4685 | D:4      | Killed Hubris850's ghost
  4806 | D:5      | Entered Level 5 of the Dungeon
  4832 | D:5      | Reached skill level 6 in Earth Magic
  4832 | D:5      | Reached XP level 8. HP: 52/52 MP: 10/13
  5820 | D:6      | Identified the +9 battleaxe of Wyrd {spect, Will+}
  5829 | D:6      | Found a sand-covered staircase.
  5838 | Ossuary  | Entered an ossuary
  6627 | D:6      | Noticed a gargoyle
  6627 | D:6      | Noticed a kobold demonologist
  6638 | D:6      | Noticed an orange demon
  6646 | D:6      | Noticed a boulder beetle
  6811 | D:6      | Reached skill level 7 in Earth Magic
  7002 | D:6      | Reached XP level 9. HP: 59/59 MP: 7/15
  7039 | D:6      | Reached skill level 5 in Dodging
  7491 | D:6      | Found a basalt altar of Yredelemnul.
  7639 | D:6      | Killed a kobold demonologist
  7706 | D:6      | Killed a gargoyle
  7707 | D:6      | Reached skill level 5 in Fighting
  7707 | D:6      | Reached skill level 5 in Spellcasting
  7707 | D:6      | Reached skill level 8 in Earth Magic
  7747 | D:6      | Mangled by a boulder beetle

Illustrated notes

Levels and vault maps discovered:
D:1:      kilobyte_arrival_exit_the_forest, layout_loops_ring,
          minmay_hexomino_u4
D:2:      layout_loops_corners
D:3:      minmay_general_purpose_star, layout_loops_ring
D:4:      layout_loops_ring, mainiacjoe_overflow_six_doors_small,
          minmay_overflow_temple_star_hex, minmay_temple_entry_slanted,
          ebering_ghost_sewer_d, serial_bayou, serial_bayou_pond_d,
          serial_bayou_pond_e, serial_bayou_pond_b, serial_bayou_pond_a,
          serial_bayou_pond_d, minmay_bent
D:5:      layout_cave_pods, patterned_corridor
D:6:      layout_gridville, lemuel_mausoleum_altar_yredelemnul,
          mainiacjoe_ossuary_entry_find_the_door, minivault_11, st_stairs_3,
          kb_rosetta
Temple:   hellmonk_temple_forest_ring

Skill      XL: |  1  2  3  4  5  6  7  8  9 |
---------------+----------------------------+-----
Fighting       | 1 2 3 4 5 |  5.1
Earth Magic    | 4 5 6 7 8 |  8.2
Conjurations   | 1 2 3 4 |  4.7
Dodging        | 3 4 5 |  5.5
Spellcasting   | 3 4 5 |  5.1
Stealth        | |  2.6
Transmutations | |  1.0

Action                     |  1- 3 |  4- 6 |  7- 9 || total
---------------------------+-------+-------+-------++-------
  Melee: Unarmed           |     4 |       |       ||     4
         Constrict         |     1 |     4 |    16 ||    21
         Tentacles         |     1 |     2 |    10 ||    13
         Short sword       |       |    12 |       ||    12
         Battleaxe         |       |       |    34 ||    34
  Throw: Dart              |       |       |     2 ||     2
   Cast: Sandblast         |    66 |    45 |   121 ||   232
         Stone Arrow       |       |     4 |    17 ||    21
         Brom's Barrelling |       |       |     6 ||     6
  Evoke: Wand              |       |     2 |     9 ||    11
    Use: Scroll            |       |    12 |     7 ||    19
   Stab: Sleeping          |       |       |     1 ||     1
         Paralysed         |       |       |     3 ||     3
 Armour: Skin              |     8 |    16 |    38 ||    62
  Dodge: Dodged            |    16 |    32 |    45 ||    93

Table legend: (Time is in decaauts)
 A = Elapsed time spent in this place.
 B = Non-inter-level travel time spent in this place.
 C = Inter-level travel time spent in this place.
 D = Time resting spent in this place.
 E = Time spent auto-exploring this place.
 F = Levels seen in this place.
 G = Mean time per level.
                   A        B        C        D        E       F      G
               +--------+--------+--------+--------+--------+-----+--------+
         Total |   7888 |   7563 |    325 |   1722 |   4601 |   8 |  986.0 |
       Dungeon |   7193 |   6868 |    325 |   1383 |   4478 |   6 | 1198.8 |
        Temple |      1 |      1 |      0 |      0 |      0 |   1 |    1.0 |
       Ossuary |    692 |    692 |      0 |    339 |    123 |   1 |  692.0 |
               +--------+--------+--------+--------+--------+-----+--------+

Top non-repeatable levels by time:
     D:4: 1492 daAuts
     D:6: 1222 daAuts
     D:3: 1193 daAuts
     D:5: 1103 daAuts
     D:1: 1099 daAuts
     D:2: 1082 daAuts
 Ossuary: 692 daAuts
  Temple: 1 daAuts
